AoeStats
← 乌合之众

Nomad

509566590Analyzed
3v3 RM · 4d ago on Sep 27, 2026· 37m 4s· 6 players
Game mode
Random Map
Map size
210×210
Population
200
Speed
Normal
Resources
Standard
Victory
Conquest
Starting age
Dark Age
Ending age
Imperial Age
RankedLock teamsTeams togetherTeam positionsShared explorationLock speedFull tech treeHidden civsTurbo modeCheats
Victory
Defeat
🇨🇳 Franks · China
1420
+16
🇨🇳 Dravidians · China
1416
+16
1359
+18
🇦🇺 Japanese · Australia
1430
-17
🇨🇳 Huns · China
1419
-17
🇹🇼 Britons · Taiwan
1399
-16
你可以打我队友吗
7:50 Loom
13:02 Feudal Age
16:43 Castle Age
14:48 Fletching
14:44 Fishing Lines
16:59 Padded Archer Armor
17:42 Bodkin Arrow
21:33 Medium Warships
25:54 Horse Collar
26:48 Double-Bit Axe
28:31 Gillnets
29:36 Wheelbarrow
29:39 Ballistics
30:57 Leather Archer Armor
31:48 Husbandry
32:16 Thumb Ring
32:25 Bloodlines
34:39 Gold Mining
34:40 Stone Mining
37:03 Bow Saw
36:57 Heavy Plow
Kaiser Ze
4:24 Loom
12:57 Feudal Age
14:19 Double-Bit Axe
14:28 Fishing Lines
17:23 Castle Age
16:31 Fletching
16:36 Gold Mining
19:00 Bodkin Arrow
21:07 Thumb Ring
22:06 Wheelbarrow
29:26 Hand Cart
29:15 Stone Mining
29:52 Town Watch
31:53 Padded Archer Armor
34:49 Town Patrol
35:11 Gillnets
乌合之众
4:52 Loom
12:58 Feudal Age
17:12 Castle Age
17:18 Forging
18:59 Scale Barding Armor
19:15 Double-Bit Axe
27:00 Chain Barding Armor
28:13 Husbandry
30:34 Iron Casting
Mattila_the_Hunt
5:08 Loom
12:48 Feudal Age
16:54 Castle Age
16:49 Double-Bit Axe
18:08 Bow Saw
20:38 Fletching
21:16 Pikeman
23:07 Horse Collar
23:32 Padded Archer Armor
24:49 Bodkin Arrow
26:38 Thumb Ring
27:53 Wheelbarrow
30:06 Hand Cart
31:10 Ballistics
31:19 Leather Archer Armor
小八蕊
4:24 Loom
12:55 Feudal Age
14:46 Double-Bit Axe
18:47 Gold Mining
21:34 Castle Age
20:55 Town Watch
huangtmc
4:38 Loom
14:02 Feudal Age
15:29 Double-Bit Axe
18:29 Castle Age
17:44 Wheelbarrow
17:47 Town Watch
18:08 Gold Mining
18:48 Bloodlines
19:35 Bow Saw
20:33 Scale Barding Armor
24:21 Forging
27:34 Chain Barding Armor
27:10 Horse Collar
28:44 Husbandry
30:19 Gold Shaft Mining
34:26 Hand Cart
35:44 Iron Casting
Connection lost

Rejoining the realm…

Still unreachable

The connection could not be restored.

Session expired

The server has moved on; the page needs a fresh start.